Map: 월드 오브 슬리퍼스 - 래더

Players

llllllllllll (Trap) - Winner!

  • Race: Protoss Protoss
  • League: Master
  • Spawn Location: 7:00

Stats

  • Race: Protoss Protoss
  • League: Grandmaster
  • Spawn Location: 1:00

VOD

Have the link to the VOD?

Description

Time

  • Played on: Jan. 9, 2020, 6:40 a.m.
  • Length: 9:01
Show
View Real Time Build Order
Export as new Build Order

llllllllllll Protoss - Winner!

Build Orders: Oracle Opening 

Get SALT Encoding   

  12  0:00  Probe  
  13  0:12  Probe  
  14  0:17  Pylon  
  14  0:24  Probe (Chrono Boost)  
  15  0:36  Probe (Chrono Boost), Gateway  
  16  0:44  Probe (Chrono Boost)  
  16  0:46  Assimilator  
  17  0:51  Probe  
  17  0:53  Assimilator  
  18  1:03  Probe (Chrono Boost)  
  19  1:07  Gateway  
  19  1:13  Probe (Chrono Boost)  
  19  1:18  Probe (Chrono Boost)  
  20  1:23  Cybernetics Core  
  21  1:29  Probe  
  22  1:36  Pylon  
  22  1:41  Probe  
  23  1:54  Probe  
  23  1:59  Warp Gate, Stargate  
  24  2:06  Stalker  
  26  2:10  Shield Battery  
  26  2:17  Stalker  
  28  2:25  Pylon  
  30  2:43  Oracle (Chrono Boost)  
  28  2:44  Shield Battery  
  31  2:58  Zealot x2, Shield Battery  
  35  3:01  Shield Battery  
  35  3:07  Pylon  
  35  3:14  Pylon  
  35  3:15  Oracle (Chrono Boost)  
  38  3:31  Robotics Facility  
  37  3:38  Shield Battery  
  37  3:47  Stalker  
  39  3:50  Stalker  
  41  3:57  Gateway  
  38  4:17  Zealot  
  38  4:18  Immortal (Chrono Boost)  
  44  4:32  Gateway  
  44  4:39  Oracle  
  47  4:48  Pylon  
  47  4:59  Shield Battery  
  47  5:06  Sentry  
  49  5:07  Zealot  
  49  5:11  Gateway  
  51  5:23  Robotics Bay  
  55  5:55  Pylon, Immortal (Chrono Boost)  
  55  5:57  Pylon  
  55  6:07  Pylon  
  55  6:23  Pylon  
  55  6:28  Colossus (Chrono Boost)  
  58  6:42  Sentry, Zealot x2  
  61  6:53  Gateway  
  59  7:14  Warp Prism (Chrono Boost)  
  61  7:18  Stalker x2  
  65  7:30  Stalker  
  67  7:40  Pylon  
  67  7:43  Observer (Chrono Boost)  
  68  7:58  Probe  
  64  8:07  Adept x3  
  64  8:10  Probe  
  71  8:22  Probe  
  72  8:28  Stalker  
  72  8:29  Stalker  
  72  8:30  Adept  
  69  8:58  Stalker x3  
Show
View Real Time Build Order
Export as new Build Order

Stats Protoss 

Build Orders:  

Get SALT Encoding   

  12  0:00  Probe  
  13  0:13  Probe  
  14  0:17  Pylon  
  14  0:25  Probe (Chrono Boost)  
  15  0:36  Gateway  
  15  0:37  Probe (Chrono Boost)  
  16  0:44  Probe (Chrono Boost)  
  16  0:45  Assimilator  
  17  0:51  Probe  
  17  0:54  Assimilator  
  18  1:03  Probe (Chrono Boost)  
  19  1:08  Gateway  
  19  1:14  Probe (Chrono Boost)  
  20  1:19  Probe (Chrono Boost)  
  20  1:24  Cybernetics Core  
  21  1:29  Probe  
  22  1:35  Pylon  
  22  1:41  Probe  
  23  1:54  Probe  
  24  2:01  Robotics Facility  
  24  2:02  Warp Gate  
  24  2:03  Stalker  
  26  2:11  Stalker  
  28  2:18  Pylon  
  28  2:32  Stalker  
  30  2:41  Shield Battery  
  30  2:47  Immortal (Chrono Boost)  
  34  2:56  Stalker  
  36  3:05  Pylon  
  36  3:16  Warp Prism (Chrono Boost)  
  38  3:34  Pylon  
  38  3:39  Gateway  
  38  3:45  Observer  
  39  3:50  Stalker  
  39  3:51  Stalker  
  41  4:12  Probe (Chrono Boost)  
  36  4:18  Sentry x2  
  36  4:24  Probe (Chrono Boost)  
  41  4:29  Probe (Chrono Boost)  
  42  4:39  Probe  
  42  4:42  Sentry  
  45  4:47  Immortal  
  45  4:51  Probe  
  50  4:59  Observer  
  50  5:01  Adept x2  
  50  5:07  Adept x2  
  52  5:10  Probe  
  52  5:12  Pylon  
  55  5:28  Stargate  
  55  5:30  Probe  
  56  5:36  Stalker  
  56  5:42  Probe  
  54  5:54  Probe  
  55  5:58  Pylon  
  55  6:06  Probe  
  56  6:12  Phoenix (Chrono Boost)  
  58  6:27  Probe  
  58  6:28  Observer  
  58  6:30  Phoenix  
  58  6:40  Phoenix (Chrono Boost)  
  58  6:55  Phoenix (Chrono Boost)  
  60  7:03  Pylon  
  60  7:10  Probe  
  60  7:13  Pylon  
  61  7:22  Probe  
  56  7:24  Void Ray (Chrono Boost)  
  56  7:47  Zealot  
  56  7:48  Zealot x2  
  62  7:54  Robotics Facility  
  62  8:00  Shield Battery  
  62  8:06  Shield Battery  
  62  8:07  Observer  
  66  8:47  Robotics Bay  
  54  8:57  Adept  
Tags
 
Add a new tag
Caveats
  • Supply blocks, unpowered buildings, or Contaminate may cause inaccurate times.
  • Supply counts are checked every 10 seconds.